 Dungeon Crawl Stone Soup version 0.23-a0-730-g0b75920 (console) character file.

51 Voker57 the Slasher (level 3, -2/28 HPs)
             Began as a Demonspawn Gladiator on Jan 17, 2019.
             Slain by a sky beast (5 damage)
             ... on level 2 of the Dungeon.
             The game lasted 00:01:35 (1338 turns).

Voker57 the Slasher (Demonspawn Gladiator)          Turns: 1338, Time: 00:01:36

Health: -2/28      AC:  4    Str: 14    XL:     3   Next: 57%
Magic:  3/3        EV: 13    Int:  9    God:
Gold:   66         SH:  0    Dex: 15    Spells: 2/2 levels left

rFire    . . .     SeeInvis .   a - +0 long sword
rCold    . . .     Gourm    .   (no shield)
rNeg     . . .     Faith    .   b - +0 leather armour
rPois    .         Spirit   .   c - +0 helmet
rElec    .         Reflect  .   (no cloak)
rCorr    .         Harm     .   (no gloves)
MR       .....                  (no boots)
Stlth    +.........             (no amulet)
HPRegen  0.09/turn              (no ring)
MPRegen  0.08/turn              (no ring)

@: no status effects
A: powered by pain 1, sturdy frame 1
a: no special abilities


You were on level 2 of the Dungeon.
You were very hungry.

You visited 1 branch of the dungeon, and saw 2 of its levels.

You collected 66 gold pieces.

Inventory:

Hand Weapons
 a - a +0 long sword (weapon)
Armour
 b - a +0 leather armour (worn)
 c - a +0 helmet (worn)
Jewellery
 h - a cursed -2 ring of strength {unknown}
 l - an uncursed ring of fire {unknown}
Scrolls
 e - a scroll of identify {unknown}
 g - 2 scrolls of remove curse {unknown}
 k - a scroll of enchant armour {unknown}
 o - a scroll of teleportation {unknown}
Potions
 i - 2 potions of haste {unknown}
 j - 2 potions of ambrosia {unknown}
 m - a potion of degeneration {unknown}
 n - a potion of lignification {unknown}
Comestibles
 f - 6 rations


   Skills:
 + Level 2.4 Fighting
 * Level 3.3 Long Blades
 - Level 1.7 Throwing
 + Level 1.1 Armour
 + Level 3.0 Dodging


You had 2 spell levels left.
You didn't know any spells.
Your spell library was empty.

Dungeon Overview and Level Annotations

Branches:
Dungeon (2/15)

Altars:


Innate Abilities, Weirdness & Mutations

You sometimes gain a little power by taking damage.
Your movements are slightly less encumbered by armour. (ER -2)


Message History

The throwing net closely misses the sky beast.
The sky beast hits you. The sky beast shocks you.
Throwing (i - inventory)
d - a throwing net (quivered)
Press: ? - help, Shift-Dir - straight line, f/p - sky beast
Aim: a sky beast You throw a throwing net.
The throwing net misses the sky beast.
The sky beast closely misses you.
You miss the sky beast.
The sky beast hits you but does no damage.
You slash the sky beast!
The sky beast is moderately wounded.
The sky beast flickers out of sight!
Deactivating autopickup; reactivate with Ctrl-A.
Something hits you. Something shocks you.
* * * LOW HITPOINT WARNING * * *
You barely miss something. Something hits you but does no damage.
Something hits you.
* * * LOW HITPOINT WARNING * * *
Something shocks you.
You die...

##..###(#..
#.....Y.#..
#.###..J..#
#.#.#).####
#######.#........
#(.>ยง.)(.........
#.#..............
#.#.#.#.####.####
#####{#.#.#...##.#
..
#...@.#.#.###.##.#
## #.#####.#.###.#
.# #.....#...#...#
####......#.###
#[.....#.#
#......'.#
#......###
#####......#
#......)...#
#..........#


There were no monsters in sight!

Vanquished Creatures
  A gnoll (D:2)
  A worm (D:2)
  A dart slug (D:1)
  A leopard gecko (D:2)
  An orc (D:2)
  A ball python (D:2)
  5 bats
  4 goblins
  6 hobgoblins
  3 jackals (D:1)
  A frilled lizard (D:1)
  4 kobolds
  2 rats (D:1)
31 creatures vanquished.

Notes
Turn   | Place    | Note
-------+----------+-------------------------------------------
     0 | D:1      | Voker57 the Demonspawn Gladiator began the quest for the
                  | Orb.
     0 | D:1      | Reached XP level 1. HP: 16/16 MP: 1/1
    42 | D:1      | Gained mutation: Your movements are slightly less
                  | encumbered by armour. (ER -2) [demonic ancestry]
    42 | D:1      | Reached XP level 2. HP: 11/22 MP: 2/2
   836 | D:2      | Gained mutation: You sometimes gain a little power by
                  | taking damage. [demonic ancestry]
   836 | D:2      | Reached XP level 3. HP: 21/28 MP: 3/3
   844 | D:2      | Reached skill level 1 in Armour
  1124 | D:2      | Noticed a sky beast
  1338 | D:2      | Slain by a sky beast

Vault maps used:
D:1:      minmay_arrival_radiant_lines
D:2:      minmay_tromino_i4

Skill      XL: |  1  2  3 |
---------------+----------+-----
Long Blades    | 3 |  3.3
Armour         | 1 |  1.1
Dodging        | 3 |  3.0
Fighting       | |  2.4
Throwing       | |  1.7

Action                   || total
-------------------------++-------
Melee: Long sword        ||    79
Throw: Throwing net      ||     3
 Stab: Sleeping          ||     1
Armor: Leather armour    ||    29
Dodge: Dodged            ||    69
       Rpst.: Long sword ||    22

Table legend:
 A = Non-vault XP
 B = Vault XP
 C = Vault XP percentage of total XP
 D = Non-vault monster count
 E = Vault monster count
 F = Vault count percentage of total count
                 A         B        C        D         E       F
            +---------+---------+-------+---------+---------+-------
      Total |      64 |       9 |  12.3 |      28 |       3 |   9.7
            +---------+---------+-------+---------+---------+-------
        D:1 |      34 |       0 |   0.0 |      19 |       0 |   0.0
        D:2 |      30 |       9 |  23.1 |       9 |       3 |  25.0
            +---------+---------+-------+---------+---------+-------
